Map: [ESL] Moondance

Players

gumiho - Winner!

  • Race: Terran Terran
  • Spawn Location: 12:00

PappiJoe

  • Race: Protoss Protoss
  • Spawn Location: 6:00

Event: HomeStory Cup XXII

VOD

Have the link to the VOD?

Description

Time

  • Played on: Dec. 15, 2022, 2:38 p.m.
  • Length: 22:09

All games in this series

Show
View Real Time Build Order
Export as new Build Order

gumiho Terran - Winner!

Build Orders: Cyclone Opening 

Get SALT Encoding   

  12  0:00  SCV  
  13  0:12  SCV  
  14  0:17  Supply Depot  
  14  0:24  SCV  
  15  0:38  SCV  
  15  0:40  Barracks  
  16  0:42  Refinery  
  16  0:50  SCV  
  16  0:52  Refinery  
  17  1:02  SCV  
  18  1:14  SCV  
  19  1:26  Orbital Command  
  19  1:27  Reaper  
  19  1:29  Supply Depot  
  20  1:40  Factory  
  20  1:52  SCV  
  21  1:59  Reaper  
  22  2:04  SCV  
  23  2:15  Command Center  
  23  2:18  SCV  
  24  2:25  Factory Tech Lab  
  24  2:30  SCV  
  24  2:32  Barracks Reactor  
  25  2:42  SCV  
  26  2:44  Supply Depot  
  26  2:47  Cyclone  
  29  2:54  SCV  
  29  2:57  Barracks  
  30  3:02  Barracks  
  30  3:07  SCV  
  30  3:09  Marine x2  
  33  3:19  Siege Tank  
  36  3:21  SCV  
  37  3:28  Orbital Command  
  37  3:31  Marine  
  37  3:33  Marine  
  39  3:35  SCV  
  40  3:42  Supply Depot  
  40  3:46  Barracks Tech Lab  
  40  3:47  SCV  
  41  3:50  Marine  
  41  3:53  Barracks Tech Lab  
  42  3:56  Siege Tank  
  42  4:00  SCV  
  46  4:03  SCV  
  46  4:07  Supply Depot  
  46  4:09  Marine x2  
  49  4:10  Marine  
  49  4:13  Stimpack  
  50  4:24  Marine  
  50  4:25  SCV x2  
  50  4:27  Marine  
  50  4:28  Siege Tank  
  50  4:30  Marine x2  
  57  4:33  Supply Depot  
  57  4:39  SCV, Refinery  
  57  4:42  Refinery  
  57  4:43  Combat Shield  
  57  4:45  SCV  
  59  4:48  Marine  
  59  4:50  Marine  
  59  4:51  SCV  
  59  4:52  Marine x2  
  64  4:57  SCV  
  65  5:07  SCV, Marine  
  65  5:08  Marine  
  65  5:09  SCV  
  69  5:14  Marine x2  
  69  5:15  Siege Tank  
  69  5:19  SCV  
  69  5:21  SCV  
  74  5:25  Marine  
  65  5:28  Marine  
  65  5:31  SCV  
  65  5:32  Marine  
  65  5:33  SCV  
  68  5:36  Starport  
  68  5:43  SCV  
  68  5:45  SCV  
  68  5:46  Command Center  
  70  5:54  Factory Reactor  
  70  5:56  Engineering Bay x2  
  70  6:00  SCV x2  
  72  6:04  Marine  
  72  6:06  Supply Depot  
  72  6:10  Supply Depot  
  73  6:12  SCV x2  
  73  6:16  Marauder, Marine  
  78  6:23  Terran Infantry Armor Level 1, Terran Infantry Weapons Level 1  
  78  6:27  SCV x2, Marauder  
  82  6:37  Supply Depot  
  82  6:38  Supply Depot, Medivac x2  
  86  6:41  Siege Tank  
  86  6:44  Marauder  
  86  6:46  Marine x2  
  93  6:50  Missile Turret  
  93  6:55  SCV  
  93  6:58  SCV, Marauder  
  93  6:59  Orbital Command  
  97  7:08  Barracks x2  
  97  7:10  SCV  
  97  7:11  SCV  
  97  7:12  Medivac  
  97  7:14  Medivac  
  103  7:20  Marauder  
  103  7:21  Refinery  
  103  7:22  Siege Tank  
  108  7:24  Marauder  
  108  7:28  SCV x3  
  113  7:30  Supply Depot  
  113  7:34  Missile Turret  
  113  7:35  Missile Turret  
  113  7:40  SCV x2, Armory  
  113  7:42  SCV  
  113  7:43  Missile Turret  
  116  7:49  Marauder  
  118  7:54  Siege Tank  
  118  7:57  Barracks Reactor, Barracks Tech Lab  
  120  8:06  Command Center  
  120  8:13  Viking x2  
  120  8:18  Marauder x2  
  120  8:19  Marauder  
  130  8:24  Supply Depot  
  130  8:25  Supply Depot x2  
  130  8:42  Ghost Academy  
  130  8:45  Missile Turret  
  130  8:48  Siege Tank  
  133  8:53  Viking  
  133  8:54  Viking  
  133  8:55  Supply Depot  
  137  8:56  SCV x3  
  137  8:59  Supply Depot  
  140  9:11  Ghost x3  
  140  9:16  Marine x3  
  144  9:20  Orbital Command  
  144  9:22  Siege Tank  
  123  9:33  Marine  
  123  9:34  Marine  
  123  9:37  Viking x2  
  121  9:40  Marauder x2  
  121  9:41  Marauder, Marine  
  121  9:52  SCV x2  
  117  9:53  Marine  
  116  10:01  Marauder x2  
  116  10:05  Concussive Shells  
  116  10:10  Viking  
  116  10:25  SCV  
  116  10:26  SCV  
  108  10:42  SCV x2  
  101  10:44  Marauder, Marine  
  101  10:45  Marauder, Marine x4  
  101  10:47  Medivac  
  112  10:54  SCV x2  
  114  11:02  Marine x3  
  114  11:03  Marine  
  114  11:04  Marauder  
  120  11:09  Supply Depot  
  120  11:22  Engineering Bay  
  120  11:25  Orbital Command  
  120  11:30  Engineering Bay  
  120  11:37  Marauder x3  
  127  11:40  SCV x2  
  127  11:44  Marine  
  127  11:45  Marine x3  
  132  11:52  SCV x2  
  134  11:56  Terran Infantry Armor Level 2, Terran Infantry Weapons Level 2  
  134  12:00  Supply Depot  
  134  12:02  Supply Depot  
  134  12:04  SCV  
  134  12:06  Ghost  
  134  12:07  Ghost  
  141  12:15  Marauder  
  141  12:21  Marine x4  
  145  12:23  Supply Depot  
  145  12:25  Siege Tank  
  145  12:28  Medivac x2  
  152  12:30  Missile Turret  
  152  12:35  SCV x3  
  155  12:43  Missile Turret  
  155  12:46  Missile Turret  
  155  12:48  Command Center  
  155  12:51  Terran Vehicle Weapons Level 1  
  155  12:57  Siege Tank  
  158  13:14  Ghost  
  160  13:20  Marine x4  
  160  13:21  Sensor Tower  
  164  13:30  Supply Depot  
  164  13:31  Supply Depot  
  164  13:34  Siege Tank  
  167  13:37  Medivac x2  
  171  13:42  Marine x2  
  171  13:43  Marauder x2, Marine  
  178  13:51  Marauder, Marine  
  181  14:00  Marine x2  
  183  14:06  Siege Tank  
  183  14:07  Viking x2  
  190  14:18  Terran Infantry Weapons Level 3  
  190  14:31  Orbital Command  
  190  14:35  Ghost x2  
  194  14:42  Siege Tank  
  181  15:08  Ghost  
  181  15:14  Siege Tank  
  164  15:40  Marine  
  164  15:41  Marauder x2, Marine x4  
  151  15:58  Marine x5  
  151  16:02  Marine x2  
  157  16:11  Liberator  
  157  16:12  Sensor Tower  
  157  16:16  Liberator, Marine x4  
  157  16:17  Marauder  
  169  16:19  Marine  
  169  16:20  Marine  
  169  16:24  SCV x4, Missile Turret  
  175  16:34  Marine x2  
  175  16:35  Marine  
  175  16:36  Marine  
  175  16:37  Ghost  
  175  16:38  Marauder x2  
  183  16:52  Marine  
  184  16:55  Command Center, Marine x3  
  184  16:58  Ghost x2  
  183  17:09  Enhanced Shockwaves  
  183  17:15  Ghost  
  179  17:25  Marine x2  
  179  17:27  Ghost  
  179  17:28  Marauder  
  185  17:40  Marine x2  
  187  17:44  Marauder  
  187  17:45  Missile Turret  
  187  17:49  Marauder, Marine  
  192  17:51  Medivac x2  
  192  17:55  Orbital Command  
  192  17:56  Marauder  
  198  17:58  Barracks  
  198  17:59  Barracks  
  198  18:00  Barracks  
  196  18:09  Marauder  
  196  18:11  Marauder  
  200  18:27  Command Center  
  200  18:29  Command Center  
  200  18:32  Orbital Command  
  197  18:41  Marine  
  197  18:42  Marauder  
  199  18:54  Marine  
  199  18:55  Marauder x2  
  194  18:56  Marine x2  
  194  18:57  Marine  
  194  18:58  Marine x2  
  194  18:59  Marine  
  198  19:03  Marauder  
  195  19:12  Marine  
  195  19:14  Marine x2  
  195  19:15  Marine x3  
  195  19:16  Marine x2  
  196  19:17  Marine  
  194  19:24  Marine  
  194  19:30  Marine  
  190  19:31  Marine  
  190  19:32  Marine  
  190  19:33  Marine x3  
  190  19:34  Marauder x2  
  199  19:42  Marauder  
  200  19:54  Command Center  
  200  19:57  Barracks Tech Lab x2  
  200  20:06  Barracks, Barracks Tech Lab  
  200  20:08  Barracks x2  
  200  20:19  Engineering Bay  
  200  20:20  Engineering Bay, Orbital Command x2  
  179  20:58  Ghost x2  
  179  20:59  Marauder  
  179  21:00  Marine  
  182  21:08  Liberator  
  182  21:09  Liberator, Marine x2  
  182  21:10  Marauder, Marine  
  173  21:26  Marauder, Marine x2  
  173  21:27  Marauder  
  173  21:35  Marine x2  
  173  21:36  Marauder, Marine  
  173  21:38  SCV x2  
  179  21:44  Marine x2  
Show
View Real Time Build Order
Export as new Build Order

PappiJoe Protoss 

Build Orders: 1 Gate Expand, Phoenix Opening, Colossus Rush 

Get SALT Encoding   

  12  0:00  Probe  
  13  0:12  Probe  
  14  0:18  Pylon  
  14  0:24  Probe (Chrono Boost)  
  15  0:36  Probe (Chrono Boost)  
  15  0:37  Gateway  
  16  0:45  Probe (Chrono Boost)  
  16  0:48  Assimilator  
  17  0:51  Probe  
  18  1:03  Probe  
  19  1:16  Probe  
  20  1:22  Nexus  
  20  1:31  Cybernetics Core  
  20  1:36  Probe  
  21  1:40  Assimilator  
  21  1:47  Pylon  
  21  1:49  Probe  
  22  1:59  Probe  
  23  2:05  Stalker (Chrono Boost)  
  23  2:07  Warp Gate, Probe  
  26  2:15  Probe  
  26  2:16  Shield Battery  
  27  2:29  Shield Battery  
  28  2:30  Sentry, Probe (Chrono Boost)  
  30  2:39  Probe (Chrono Boost)  
  30  2:43  Probe (Chrono Boost)  
  32  2:44  Probe (Chrono Boost)  
  33  2:51  Probe  
  33  2:53  Probe  
  33  2:57  Sentry  
  37  2:58  Gateway  
  37  3:03  Probe (Chrono Boost)  
  37  3:05  Phoenix, Probe (Chrono Boost)  
  39  3:07  Gateway  
  39  3:17  Probe (Chrono Boost)  
  41  3:20  Robotics Facility  
  41  3:21  Probe (Chrono Boost)  
  41  3:25  Probe (Chrono Boost)  
  42  3:29  Probe (Chrono Boost)  
  43  3:35  Probe  
  43  3:39  Nexus  
  44  3:42  Probe, Pylon  
  44  3:47  Probe, Assimilator  
  46  3:53  Assimilator  
  46  4:00  Probe x2  
  48  4:03  Pylon  
  48  4:05  Immortal (Chrono Boost)  
  52  4:19  Stalker  
  52  4:22  Shield Battery  
  50  4:27  Probe  
  50  4:28  Probe  
  52  4:32  Shield Battery  
  52  4:33  Robotics Bay  
  56  4:38  Immortal  
  56  4:39  Probe  
  56  4:40  Probe  
  58  4:47  Pylon  
  58  4:50  Gateway  
  58  4:52  Sentry  
  60  4:54  Stalker  
  60  4:57  Probe  
  60  4:59  Zealot  
  63  5:12  Pylon  
  63  5:13  Gateway  
  63  5:14  Zealot x2  
  67  5:25  Probe  
  67  5:26  Stalker  
  67  5:27  Probe  
  65  5:29  Probe  
  65  5:33  Twilight Council  
  66  5:37  Probe  
  66  5:38  Sentry  
  66  5:39  Probe  
  71  5:42  Observer (Chrono Boost)  
  71  5:44  Probe  
  71  5:49  Probe  
  73  5:51  Probe  
  73  5:52  Forge  
  73  5:56  Probe  
  75  5:57  Colossus (Chrono Boost)  
  75  6:01  Probe  
  75  6:02  Pylon  
  82  6:04  Probe  
  82  6:10  Probe  
  82  6:11  Charge  
  84  6:13  Extended Thermal Lance, Probe  
  84  6:16  Probe  
  86  6:19  Pylon  
  86  6:21  Pylon  
  86  6:22  Probe  
  86  6:23  Assimilator  
  87  6:25  Probe  
  87  6:26  Assimilator  
  87  6:27  Protoss Ground Weapons Level 1  
  87  6:29  Probe  
  89  6:34  Colossus (Chrono Boost)  
  95  6:40  Probe  
  95  6:41  Probe  
  95  6:46  Stalker x2  
  101  6:52  Pylon  
  101  6:56  Gateway  
  101  6:58  Pylon  
  101  7:02  Pylon  
  101  7:03  Gateway  
  101  7:06  Gateway  
  101  7:07  Gateway  
  101  7:15  Colossus (Chrono Boost)  
  101  7:16  Gateway  
  101  7:19  Templar Archives  
  107  7:24  Probe  
  108  7:34  Pylon  
  108  7:35  Probe  
  109  7:41  Stalker, Pylon  
  109  7:43  Zealot x4  
  119  7:49  Nexus  
  119  7:56  Pylon  
  119  7:58  Warp Prism (Chrono Boost)  
  121  8:03  Stalker x2  
  123  8:10  Pylon  
  123  8:12  Pylon  
  123  8:15  High Templar x4  
  123  8:16  High Templar  
  123  8:17  High Templar  
  135  8:25  Pylon  
  135  8:29  Observer (Chrono Boost)  
  135  8:30  Archon, Pylon  
  135  8:31  Archon x2  
  135  8:33  Zealot x3  
  142  8:36  Pylon  
  141  8:43  Stalker  
  143  8:48  Zealot  
  143  8:49  Zealot x4  
  143  8:53  Zealot x2  
  157  8:57  Zealot x2  
  161  9:10  Zealot x6  
  169  9:17  Zealot x3  
  171  9:25  Blink (Chrono Boost)  
  171  9:26  Zealot  
  163  9:32  Zealot  
  163  9:36  Stalker x3  
  165  9:39  Protoss Ground Weapons Level 2 (Chrono Boost)  
  165  9:49  High Templar x3  
  165  9:50  High Templar  
  165  9:52  High Templar x2  
  177  9:55  Archon x2  
  177  9:56  Archon  
  169  10:10  Probe x3  
  169  10:11  Probe  
  169  10:15  Forge  
  169  10:20  High Templar  
  169  10:21  Stalker, High Templar  
  167  10:22  Probe, Stalker  
  167  10:26  Pylon  
  167  10:27  Archon  
  170  10:30  Pylon  
  170  10:31  Pylon  
  170  10:32  Pylon  
  142  10:41  Immortal (Chrono Boost)  
  142  10:42  Zealot x5  
  110  10:43  Zealot  
  123  10:52  High Templar x2  
  123  10:53  High Templar  
  123  10:54  Zealot  
  131  11:03  Archon  
  131  11:04  High Templar  
  133  11:05  Zealot, Stalker x3  
  133  11:06  Zealot  
  143  11:14  Zealot  
  145  11:19  Gateway  
  145  11:20  Archon, Immortal (Chrono Boost)  
  145  11:21  Gateway  
  145  11:24  Robotics Facility, Protoss Ground Armor Level 1 (Chrono Boost)  
  149  11:28  Robotics Facility  
  149  11:32  Photon Cannon  
  149  11:34  Shield Battery, Assimilator  
  149  11:35  Assimilator  
  149  11:42  Stalker x4  
  149  11:43  Zealot x4, Protoss Shields Level 1 (Chrono Boost)  
  149  11:44  Pylon  
  164  12:06  Immortal (Chrono Boost)  
  168  12:17  Probe, Pylon  
  168  12:18  Probe x2  
  169  12:22  Pylon  
  169  12:24  Immortal (Chrono Boost)  
  173  12:30  Pylon  
  175  12:37  Disruptor (Chrono Boost)  
  175  12:39  Immortal (Chrono Boost)  
  175  12:40  Nexus  
  175  12:41  Pylon  
  178  12:48  Pylon  
  178  12:55  Pylon  
  181  12:59  Assimilator  
  181  13:00  Disruptor (Chrono Boost)  
  181  13:03  Disruptor (Chrono Boost)  
  181  13:04  Assimilator  
  184  13:10  Disruptor  
  187  13:21  Protoss Ground Weapons Level 3 (Chrono Boost)  
  184  13:30  Disruptor  
  187  13:36  Disruptor  
  187  13:37  Stalker x2  
  187  13:38  Zealot x2, Stalker  
  198  13:57  Gateway  
  198  13:58  Gateway  
  198  13:59  Protoss Ground Armor Level 2 (Chrono Boost), Disruptor  
  198  14:02  Dark Shrine  
  193  14:27  Disruptor  
  193  14:30  Zealot  
  196  14:45  Zealot x5  
  188  14:46  Zealot x3  
  200  14:56  Zealot x2  
  173  15:04  Immortal x2  
  162  15:08  Zealot x9  
  162  15:09  Zealot x2  
  170  15:29  Disruptor (Chrono Boost)  
  137  15:40  Disruptor (Chrono Boost)  
  137  15:41  Zealot x13  
  137  15:42  Zealot  
  165  15:44  Disruptor (Chrono Boost)  
  119  15:59  Disruptor (Chrono Boost)  
  119  16:01  High Templar x8  
  119  16:02  High Templar x6  
  150  16:05  Archon x3  
  150  16:06  Archon  
  150  16:07  Disruptor (Chrono Boost), Archon x2  
  150  16:08  Archon  
  153  16:15  Immortal (Chrono Boost), Protoss Shields Level 2 (Chrono Boost)  
  153  16:16  Protoss Ground Armor Level 3 (Chrono Boost)  
  157  16:34  Zealot x10  
  157  16:35  Zealot  
  179  16:45  Nexus  
  179  16:56  Stalker x5  
  171  17:11  Disruptor x2  
  177  17:18  Disruptor  
  180  17:37  Dark Shrine  
  180  17:49  Nexus  
  178  17:51  Immortal (Chrono Boost)  
  181  18:01  Immortal (Chrono Boost), Colossus (Chrono Boost)  
  185  18:13  Pylon  
  185  18:15  Stalker  
  185  18:17  Assimilator  
  185  18:19  Assimilator  
  187  18:22  Stargate  
  186  18:27  Protoss Shields Level 3 (Chrono Boost)  
  186  18:33  Warp Prism  
  168  18:53  Zealot x6  
  170  19:05  Zealot x3  
  166  19:12  Zealot x2  
  163  19:22  Disruptor x2  
  161  19:31  Probe x2  
  157  19:37  Stalker x2  
  157  19:38  Zealot  
  149  19:39  High Templar  
  149  19:40  High Templar  
  134  19:47  Archon  
  134  19:49  High Templar x3  
  134  19:50  High Templar  
  133  19:57  Archon x2  
  133  20:10  Stalker x4  
  133  20:12  Disruptor  
  142  20:15  Pylon  
  142  20:31  Disruptor  
  136  20:46  Stalker x7  
  124  21:15  Zealot x2  
  124  21:16  Zealot x5  
Tags
 
Add a new tag
Caveats
  • Supply blocks, unpowered buildings, or Contaminate may cause inaccurate times.
  • Supply counts are checked every 10 seconds.